 Seeded DCSS version 0.31.0-11-ge490571c62 (webtiles) character file.

Game seed: 11299374225339063279 (custom seed)

5388 CInkIbrahim the Spear-Bearer (level 10, -6/66 (72) HPs)
             Began as a Formicid Fighter on Feb 6, 2024.
             Was an Elder of Qazlal.
             Mangled by a yak (8 damage)
             ... on level 8 of the Dungeon.
             The game lasted 00:20:46 (7597 turns).

CInkIbrahim the Spear-Bearer (Formicid Fighter)     Turns: 7597, Time: 00:20:46

HP:   -6/66 (72)    AC: 10    Str: 27    XL:     10   Next: 98%
MP:   11/11         EV: 10    Int:  9    God:    Qazlal [****..]
Gold: 204           SH: 11    Dex: 19    Spells: 9/9 levels left

rFire   . . .        b - +6 lajatang of Contention {drain, *Noise rPois Str+3 Dex+6}
rCold   + . .        c - +0 buckler
rNeg    . . .        t - +1 acid dragon scales
rPois   +            (helmet unavailable)
rElec   .            z - +1 cloak {rCorr}
rCorr   +            (no gloves)
SInv    +            (no boots)
Will    +....        (no amulet)
Stlth   +            n - ring of protection from cold
HPRegen 0.31/turn    (no ring)
MPRegen 0.12/turn

%: repel missiles
@: lethally poisoned (-6 -> -10), drained
A: permanent stasis, dig shafts and tunnels, antennae 3, four strong arms, sense
surroundings 1
a: Dig, Shaft Self, Renounce Religion, Upheaval, Elemental Force


You were on level 8 of the Dungeon.
You worshipped Qazlal.
Qazlal was greatly pleased with you.
You visited 2 branches of the dungeon, and saw 9 of its levels.
You also visited: Sewer and Bailey.

You collected 358 gold pieces.
You spent 154 gold pieces at shops.

Inventory:

Hand Weapons
 a - the +10 bardiche of the Forest {protect, +Blink rC+}
   (You found it on level 2 of the Dungeon)

   rC+:       It protects you from cold.
   +Blink:    It lets you blink.
 b - the +6 lajatang of Contention (weapon) {drain, *Noise rPois Str+3 Dex+6}
   (You took it off a spriggan in a bailey)

   Str+3:     It affects your strength (+3).
   Dex+6:     It affects your dexterity (+6).
   rPois:     It protects you from poison *Noise: It may make a loud noise when
   swung.
 d - a +0 vampiric scythe
 p - a +0 trident
 r - a +3 halberd
 y - a +2 quarterstaff of chaos
 A - a +2 quarterstaff of draining
Missiles
 k - a throwing net
Armour
 c - a +0 buckler (worn)
 m - a +0 scale mail
 o - a +0 kite shield
 t - +1 acid dragon scales (worn)
 z - a +1 cloak of preservation (worn)
Jewellery
 n - a ring of protection from cold (left hand)
 F - a ring of fire
Talismans
 j - a granite talisman
 w - a maw talisman
Wands
 x - a wand of paralysis (8)
Scrolls
 e - 2 scrolls of immolation
 h - a scroll of vulnerability
 u - a scroll of blinking {unknown}
 v - 2 scrolls of teleportation
 C - 2 scrolls of revelation {unknown}
 D - 2 scrolls of enchant weapon {unknown}
 G - a scroll of identify
 H - a scroll of amnesia {unknown}
Potions
 f - a potion of lignification
 g - a potion of enlightenment
 i - 3 potions of haste
 l - a potion of attraction
 q - a potion of cancellation
 s - 2 potions of magic


   Skills:
 + Level 4.3 Fighting
 * Level 14.9 Polearms
 + Level 4.3 Armour
 - Level 4.0 Shields
 + Level 1.7 Invocations


You had 9 spell levels left.
You didn't know any spells.
Your spell library contained the following spells:

 Spells                   Type           Power      Damage    Failure   Level
 Stone Arrow              Conj/Erth      0%         3d7       86%         3
 Animate Armour           Summ/Erth      0%         N/A       99%         4
 Lehudib's Crystal Spear  Conj/Erth      0%         10d2      100%        8


Dungeon Overview and Level Annotations

Branches:
Dungeon (8/15)             Temple (1/1) D:4            Lair (0/5) D:8
  Sewer (visited)          Bailey (visited)

Altars:
Ashenzari
Cheibriados
Dithmenos
Elyvilon
Fedhas
Gozag
Hepliaklqana
Kikubaaqudgha
Makhleb
Nemelex Xobeh
Okawaru
Qazlal
Ru
Sif Muna
Trog
Uskayaw
Vehumet
Wu Jian
Xom
Yredelemnul
Zin
The Shining One

Shops:
D:2 :   D:3 :   D:4 !

Annotations:
D:6 3 runed translucent doors, ssalbiz's ghost, novice DECj


Innate Abilities, Weirdness & Mutations

You cannot be hasted, slowed, berserked, paralysed or teleported.
You can dig through walls and to a lower floor.
You have a pair of large antennae on your head. (SInv)
Your four strong arms can wield two-handed weapons with a shield.
You passively map a small area around you.


Message History

You turn into a tree.
Your +1 cloak of preservation melds into your body.
Your +1 acid dragon scales melds into your body.
Your roots penetrate the ground.
You feel very sick.
You hear a loud squeak.
You hear a bellow!
The yak gores you but does no damage. The water moccasin bites you.
* * * LOW HITPOINT WARNING * * *
Your magical effects are unravelling.
You feel magically purged.
You feel less wooden.
Your +1 cloak of preservation unmelds from your body.
Your +1 acid dragon scales unmelds from your body.
You feel a little less mighty now.
* * * LOW HITPOINT WARNING * * *
You feel very sick.
You hear a bellow! x2
You block the water moccasin's attack. The yak barely misses you.
You hear a bellow!
It was a potion of mutation.
You feel extremely strange.
You feel a strange attunement to the structure of the dungeons.
* * * LOW HITPOINT WARNING * * *
You feel sick.
The water moccasin bites you but does no damage.
You block the yak's attack. You block the water moccasin's attack.
Okay, then.
Aiming: Upheaval
Press: ? - help, Dir - move target, f - yak
Aim: a yak
Okay, then.
* * * LOW HITPOINT WARNING * * *
You feel sick.
You hear a loud squeak.
You hear a shout!
You block the water moccasin's attack. You block the yak's attack.
You begin to dig a shaft.
You continue digging a shaft.
* * * LOW HITPOINT WARNING * * *
You feel sick.
You hear a bellow!
You hear a loud squeak.
You block the water moccasin's attack. The yak gores you!
You die...

* # ##....{ #.
#.....# ,
##.*##{....#
,.{{{{{{{..# * ,#{#
#.{.# , #{###{#* *,
##Yo{{# **{
##S##{.# ## *
{#@###..# #. *,
#Y## #..# #. ##
#..# #. * *
######..##########.
...................
*
##.#.....###.#####.
#....#.#.# #.# #.
.......#.# #.# #.
#....#.#.# #.# #.


You could see 2 yaks, a water moccasin and an orc.

Vanquished Creatures
  A two-headed ogre (Bailey)
  Sigmund (D:5)
  3 spriggans (Bailey)
  A steam dragon (Bailey)
  2 water moccasins
  4 ice beasts
  3 orc warriors
  7 ogres
  4 centaurs
  A kobold brigand (D:6)
  Blork the orc (D:4)
  4 bullfrogs
  2 scorpions
  10 wights
  4 killer bees (D:8)
  A bombardier beetle (D:5)
  5 hounds
  Crazy Yiuf (D:6)
  4 orc priests
  5 jellies (Sewer)
  9 iguanas
  5 orc wizards
  A hell rat (D:8)
  8 adders
  3 gnolls (D:6)
  A river rat (Sewer)
  A shadow imp (D:6)
  3 ribbon worms
  A dart slug (D:3)
  32 orcs
  2 bats (D:1)
  13 endoplasms
  7 giant cockroaches
  6 hobgoblins
  7 jackals
  4 quokkas
  11 ball pythons
  3 frilled lizards
  5 goblins
  10 kobolds
  14 rats
210 creatures vanquished.

Notes
Turn   | Place    | Note
-------+----------+-------------------------------------------
     0 | D:1      | CInkIbrahim the Formicid Fighter began the quest for the
                  | Orb.
     0 | D:1      | Reached XP level 1. HP: 18/18 MP: 1/1
   269 | D:1      | Reached XP level 2. HP: 19/24 MP: 2/2
   443 | D:1      | Reached skill level 3 in Polearms
   718 | D:1      | Found a faded altar of an unknown god.
   753 | D:1      | Reached XP level 3. HP: 29/29 MP: 3/3
  1272 | D:2      | Found Banu's Book Boutique.
  1427 | D:2      | Reached skill level 4 in Polearms
  1427 | D:2      | Reached XP level 4. HP: 26/35 MP: 4/4
  1575 | D:2      | Identified the +10 bardiche of the Forest {protect, +Blink
                  | rC+}
  2115 | D:3      | Found a stormy altar of Qazlal.
  2137 | D:3      | Found an ancient bone altar of Kikubaaqudgha.
  2141 | D:3      | Became a worshipper of Qazlal Stormbringer
  2365 | D:3      | Reached XP level 5. HP: 41/41 MP: 5/5
  2523 | D:3      | Found Suempan's Book Emporium.
  2599 | D:4      | Reached skill level 5 in Polearms
  2675 | D:4      | Found Vegatz Piab's Distillery.
  2683 | D:4      | Bought a potion of curing for 33 gold pieces
  2683 | D:4      | Bought a potion of attraction for 33 gold pieces
  2683 | D:4      | Bought a potion of cancellation for 88 gold pieces
  2764 | D:4      | Found a staircase to the Ecumenical Temple.
  2802 | Temple   | Entered the Ecumenical Temple
  2872 | D:4      | Reached XP level 6. HP: 47/47 MP: 6/6
  2878 | D:4      | Reached skill level 6 in Polearms
  3119 | D:4      | Noticed an ogre
  3124 | D:4      | Killed an ogre
  3291 | D:4      | Reached skill level 7 in Polearms
  3291 | D:4      | Reached XP level 7. HP: 52/52 MP: 7/7
  3361 | D:4      | Reached * piety under Qazlal
  3414 | D:4      | Noticed Blork the orc
  3420 | D:4      | Killed Blork the orc
  3588 | D:5      | Entered Level 5 of the Dungeon
  3682 | D:5      | Noticed Sigmund
  3685 | D:5      | Killed Sigmund
  3686 | D:5      | Reached skill level 8 in Polearms
  3782 | D:5      | Found a glowing drain.
  3791 | Sewer    | Entered a sewer
  3859 | Sewer    | Reached XP level 8. HP: 58/58 MP: 8/8
  3938 | Sewer    | Found a viscous altar of Jiyva.
  3959 | Sewer    | Reached skill level 9 in Polearms
  4155 | D:5      | Reached ** piety under Qazlal
  4342 | D:5      | Reached skill level 10 in Polearms
  4359 | D:5      | HP: 1/58 [iguana (11)]
  4360 | D:5      | Reached XP level 9. HP: 1/64 MP: 9/9
  4762 | D:5      | Reached skill level 11 in Polearms
  5129 | D:6      | Noticed a troll
  5129 | D:6      | Noticed ssalbiz's ghost (novice DECj)
  5133 | D:6      | Noticed a cyclops
  5141 | D:6      | Found a runed translucent gate.
  5141 | D:6      | Found a runed translucent gate.
  5141 | D:6      | Found a runed translucent gate.
  5254 | D:6      | Reached skill level 12 in Polearms
  5477 | D:6      | Found a runed translucent door.
  5478 | D:6      | Noticed Crazy Yiuf
  5589 | D:6      | Found a snail-covered altar of Cheibriados.
  5601 | D:6      | Found a blossoming altar of Fedhas.
  5807 | D:6      | Killed Crazy Yiuf
  6049 | D:7      | Reached *** piety under Qazlal
  6051 | D:7      | Found a flagged portal.
  6066 | Bailey   | Entered a bailey
  6190 | Bailey   | Reached skill level 13 in Polearms
  6190 | Bailey   | Reached XP level 10. HP: 46/70 MP: 10/10
  6506 | Bailey   | Identified the +6 lajatang of Contention {drain, *Noise
                  | rPois Str+3 Dex+6}
  6513 | Bailey   | Reached skill level 14 in Polearms
  6558 | Bailey   | Noticed a two-headed ogre
  6562 | Bailey   | Killed a two-headed ogre
  7068 | D:7      | Found a broken altar of Ashenzari.
  7068 | D:7      | Found a hazy altar of Hepliaklqana.
  7078 | D:7      | Found an ornate altar of the Wu Jian Council.
  7080 | D:7      | Found a glowing golden altar of the Shining One.
  7082 | D:7      | Found an opulent altar of Gozag.
  7440 | D:8      | Reached **** piety under Qazlal
  7441 | D:8      | Reached skill level 1 in Invocations
  7583 | D:8      | Noticed a death yak
  7595 | D:8      | Gained mutation: You passively map a small area around you.
                  | [potion of mutation]
  7597 | D:8      | HP: 2/66 [poisoned by a water moccasin]
  7597 | D:8      | Mangled by a yak

Illustrated notes

Levels and vault maps discovered:
D:1:      kennysheep_arrival_seaside, layout_basic,
          chequers_ecumenical_altar_grove
D:2:      layout_basic, serial_shops, nicolae_book_shop_shelving, minmay_unequal
D:3:      layout_loops_ring, mainiacjoe_overflow_large_starburst, serial_shops,
          shop
D:4:      layout_gridville, minmay_temple_entry_antechambers, serial_shops,
          nicolae_shop_industrial_runoff, uniq_blork_the_orc
D:5:      layout_basic, portal_sewer_entry_d, columned_hall_lemuel,
          eino_small_chamber_without_monster, minmay_between, uniq_sigmund
D:6:      layout_basic, amethyst_overflow_temple_binary, gammafunk_ghost_split,
          st_stairs_3, serial_library_regret_index_multi,
          uniq_crazy_yiuf_cottage
D:7:      layout_rooms, chequers_temple_overflow_minitemple, enter_bailey_2
D:8:      layout_loops_ring, dpeg_lair_monsters
Temple:   dshaligram_water_room_temple

Skill      XL: |  1  2  3  4  5  6  7  8  9 10 |
---------------+-------------------------------+-----
Polearms       | 3 4 5 7 8 10 13 14 | 14.9
Fighting       | 4 |  4.3
Armour         | 4 |  4.3
Invocations    | 1 |  1.7
Shields        | |  4.0

Action                     |  1- 3 |  4- 6 |  7- 9 | 10-12 || total
---------------------------+-------+-------+-------+-------++-------
  Melee: Trident           |   123 |     4 |       |       ||   127
         Bardiche          |       |    60 |   208 |    26 ||   294
         Quarterstaff      |       |     4 |       |       ||     4
         Lajatang          |       |       |       |    96 ||    96
Ability: Shaft Self        |       |       |       |     1 ||     1
    Use: Scroll            |       |     5 |     1 |     1 ||     7
         Potion            |       |     1 |     4 |     6 ||    11
 Armour: Scale mail        |    51 |    28 |   148 |    12 ||   239
         Acid dragon scale |       |       |       |    51 ||    51
         Skin              |       |       |       |     2 ||     2
  Dodge: Dodged            |    47 |    25 |    91 |    38 ||   201
  Block: Buckler           |    22 |    15 |    85 |    56 ||   178
